 Dungeon Crawl Stone Soup version 0.28-a0-1567-g1695149f81 (webtiles) character file.

Game seed: 5078856668756980376

212 frimble the Grasshopper (level 5, 0/41 HPs)
             Began as a Demonspawn Warper on Jan 19, 2022.
             Succumbed to a scorpion's poison
             ... on level 4 of the Dungeon.
             The game lasted 00:05:42 (5436 turns).

frimble the Grasshopper (Demonspawn Warper)         Turns: 5436, Time: 00:05:42

Health: 0/41       AC:  4    Str: 13    XL:     5   Next: 58%
Magic:  4/8        EV: 12    Int: 14    God:
Gold:   129        SH:  0    Dex: 17    Spells: 6/8 levels left

rFire   . . .      SeeInvis .   a - +0 hunting sling
rCold   . . .      Faith    .   (no shield)
rNeg    . . .      Spirit   .   j - +0 leather armour
rPois   .          Reflect  .   (no helmet)
rElec   .          Harm     .   o - +0 cloak
rCorr   .          Rampage  .   (no gloves)
Will    .....                   (no boots)
Stlth   +++.......              (no amulet)
HPRegen 0.13/turn               (no ring)
MPRegen 0.11/turn               (no ring)

@: brilliant, lethally poisoned (0 -> -8), studying Slings
A: thin skeletal structure 2
a: no special abilities


You were on level 4 of the Dungeon.
You visited 1 branch of the dungeon, and saw 4 of its levels.

You collected 129 gold pieces.

Inventory:

Hand Weapons
 a - a +0 hunting sling (weapon)
Missiles
 c - 2 boomerangs of dispersal
 i - 45 stones (quivered ammo)
 p - 3 poisoned darts
Armour
 j - a +0 leather armour (worn)
 o - a +0 cloak (worn)
Scrolls
 b - a scroll of blinking
 d - a scroll of identify {unknown}
 e - a scroll of enchant armour {unknown}
 f - a scroll of teleportation {unknown}
 h - 2 scrolls of fog {unknown}
 m - a scroll of fear {unknown}
 n - a scroll of holy word {unknown}
 q - a scroll of magic mapping {unknown}
Potions
 k - a potion of brilliance
 l - a potion of attraction {unknown}


   Skills:
 - Level 3.0 Fighting
 + Level 2.7(2.9) Slings
 - Level 1.0(2.0) Throwing
 - Level 0.8 Armour
 - Level 2.5 Dodging
 + Level 3.0 Unarmed Combat
 - Level 2.0 Spellcasting
 + Level 3.7 Translocations


You had 6 spell levels left.
You knew the following spells:

 Your Spells              Type           Power      Damage    Failure   Level
a - Blink                 Tloc           34%        N/A       10%         2

Your spell library contained the following spells:

 Spells                   Type           Power      Damage    Failure   Level
 Gell's Gravitas          Tloc           17%        N/A       19%         3
 Lesser Beckoning         Tloc           17%        N/A       19%         3
 Teleport Other           Tloc           17%        N/A       19%         3
 Manifold Assault         Tloc           17%        N/A       87%         5


Dungeon Overview and Level Annotations

Branches:
Dungeon (4/15)
 Temple: D:4-7

Altars:
Hepliaklqana

Shops:
D:2 (


Innate Abilities, Weirdness & Mutations

You have a moderately thin skeletal structure. (Dex +4, Stealth++)


Message History

Press: ? - help, Q - select action, (/) - cycle Shift-Dir - straight line, f/p - scorpion
Aim: a scorpion (severely wounded, 62% to hit)
You shoot a stone. The stone closely misses the scorpion.
The stone barely misses the endoplasm.
The scorpion stings you.
* * * LOW HITPOINT WARNING * * *
Casting: Blink (safe; 10% risk of failure)
Confirm with . or Enter, or press ? or * to list all spells.
You don't know that spell.
You feel stable enough to blink again.
Casting: Blink (safe; 10% risk of failure)
Confirm with . or Enter, or press ? or * to list all spells.
You blink.
The endoplasm barely misses you.
You feel better.
The scorpion stings you but does no damage.
The endoplasm freezes you.
You are frozen.
* * * LOW HITPOINT WARNING * * *
The scorpion stings you.
* * * LOW HITPOINT WARNING * * *
Fire: 47 stones
Press: ? - help, Q - select action, (/) - cycle Shift-Dir - straight line, f/p - scorpion
Aim: a scorpion (severely wounded, 62% to hit)
You shoot a stone.
The stone hits the scorpion but does no damage.
The scorpion is severely wounded.
The endoplasm hits you but does no damage.
The scorpion stings you but does no damage.
Fire: 46 stones
Press: ? - help, Q - select action, (/) - cycle Shift-Dir - straight line, f/p - scorpion
Aim: a scorpion (severely wounded, 62% to hit)
You shoot a stone. The stone barely misses the scorpion.
The stone closely misses the orc.
The scorpion stings you.
* * * LOW HITPOINT WARNING * * *
You are lethally poisoned!
The scorpion poisons you! The endoplasm barely misses you.
It was a potion of brilliance.
You feel clever all of a sudden.
You feel stable enough to blink again.
You die...

..........#
..............#
#........####..
........## #.
##..##### #.#
...## .. ..## #.##
...# ######..#
...# ##J.((.#@#
#..######gg###.Js#
##.##...#o##)##go#
#.#.((....(.)#..#
#....###....##..#
#...## .g...#...#
##..# .........(#
#..##......#..##
#...###....##.#


You could see a scorpion, an orc, an endoplasm and a hobgoblin.

Vanquished Creatures
  A scorpion (D:4)
  An iguana (D:4)
  A hound skeleton (D:4)
  3 adders
  A dart slug (D:2)
  2 orcs (D:3)
  10 ball pythons
  4 bats
  6 endoplasms
  4 giant cockroaches
  4 goblins
  8 hobgoblins
  12 jackals
  4 quokkas
  7 frilled lizards
  4 kobolds
  2 rats (D:1)
74 creatures vanquished.

Notes
Turn   | Place    | Note
-------+----------+-------------------------------------------
     0 | D:1      | frimble the Demonspawn Warper began the quest for the Orb.
     0 | D:1      | Reached XP level 1. HP: 16/16 MP: 3/3
   121 | D:1      | Reached skill level 1 in Throwing
   646 | D:1      | Gained mutation: You have a somewhat thin skeletal
                  | structure. (Dex +2, Stealth+) [demonic ancestry]
   646 | D:1      | Reached XP level 2. HP: 22/22 MP: 5/5
  1049 | D:1      | Found a faded altar of an unknown god.
  1850 | D:2      | Learned a level 2 spell: Blink
  1884 | D:2      | Reached XP level 3. HP: 14/28 MP: 6/6
  2192 | D:2      | Found Udeone's Antique Weapon Emporium.
  3267 | D:3      | Reached XP level 4. HP: 17/34 MP: 7/7
  3673 | D:3      | Reached skill level 1 in Slings
  4526 | D:4      | Noticed a scorpion
  4704 | D:4      | Found a hazy altar of Hepliaklqana.
  4850 | D:4      | Gained mutation: You have a moderately thin skeletal
                  | structure. (Dex +4, Stealth++) [demonic ancestry]
  4850 | D:4      | Reached XP level 5. HP: 8/41 MP: 2/8
  5425 | D:4      | HP: 1/41 [scorpion (4)]
  5435 | D:4      | HP: 2/41 [scorpion (6)]
  5436 | D:4      | Succumbed to a scorpion's poison

Illustrated notes

Levels and vault maps discovered:
D:1:      shiori_arrival_elements, layout_loops_corners,
          chequers_ecumenical_altar_simple
D:2:      layout_basic, serial_shops, shop
D:3:      layout_basic, minivault_5
D:4:      minmay_recursive_quarters, layout_rooms,
          nicolae_overflow_crystal_walls, amcnicky_altar_gilded,
          minmay_three_crescents

Skill      XL: |  1  2  3  4  5 |
---------------+----------------+-----
Throwing       | 1 |  1.0
Dodging        | 2 |  2.5
Unarmed Combat | 2 3 |  3.0
Translocations | 3 |  3.7
Slings         | 2 |  2.7
Fighting       | 3 |  3.0
Armour         | |  0.8
Spellcasting   | |  2.0

Action                   |  1- 3 |  4- 6 || total
-------------------------+-------+-------++-------
Melee: Unarmed           |   220 |    45 ||   265
       Punch             |     2 |       ||     2
 Fire: Hunting sling     |     5 |   143 ||   148
Throw: Boomerang         |       |     3 ||     3
 Cast: Blink             |     2 |    12 ||    14
  Use: Potion            |     1 |     5 ||     6
 Stab: Sleeping          |     6 |       ||     6
Armor: Leather armour    |    68 |    52 ||   120
Dodge: Dodged            |   142 |   102 ||   244

Table legend: (Time is in decaauts)
 A = Elapsed time spent in this place.
 B = Non-inter-level travel time spent in this place.
 C = Inter-level travel time spent in this place.
 D = Time resting spent in this place.
 E = Time spent auto-exploring this place.
 F = Levels seen in this place.
 G = Mean time per level.
                   A        B        C        D        E       F      G
               +--------+--------+--------+--------+--------+-----+--------+
         Total |   5439 |   5214 |    225 |    323 |   4069 |   4 | 1359.8 |
       Dungeon |   5439 |   5214 |    225 |    323 |   4069 |   4 | 1359.8 |
               +--------+--------+--------+--------+--------+-----+--------+

Top non-repeatable levels by time:
     D:3: 1752 daAuts
     D:1: 1647 daAuts
     D:2: 1225 daAuts
     D:4: 813 daAuts
